 Dungeon Crawl Stone Soup version 0.30.0-29-ga12c61a403 (webtiles) character file.

Game seed: 11600301437163599990

258 growler the Conjurer (level 6, -1/32 HPs)
             Began as a Tengu Conjurer on June 7, 2023.
             Slain by an orc
             ... wielding a +0 long sword
              (5 damage)
             ... on level 4 of the Dungeon.
             The game lasted 00:06:16 (3130 turns).

growler the Conjurer (Tengu Conjurer)               Turns: 3130, Time: 00:06:17

Health: -1/32      AC:  2    Str:  7    XL:     6   Next: 16%
Magic:  2/13       EV: 14    Int: 21    God:
Gold:   237        SH:  0    Dex: 12    Spells: 7/13 levels left

rFire   . . .        p - +0 short sword (speed)
rCold   . . .        (no shield)
rNeg    . . .        a - +0 robe
rPois   .            (helmet restricted)
rElec   .            (no cloak)
rCorr   .            (no gloves)
SInv    .            (boots unavailable)
Will    .....        (no amulet)
Stlth   ++           (no ring)
HPRegen 0.25/turn    (no ring)
MPRegen 0.13/turn

%: no passive effects
@: flying quickly and evasively, quick
A: beak, talons 3, nimble flight
a: no special abilities


You were on level 4 of the Dungeon.
You visited 1 branch of the dungeon, and saw 4 of its levels.

You collected 237 gold pieces.

Inventory:

Hand Weapons
 p - a +0 short sword of speed (weapon)
Armour
 a - a +0 robe (worn)
Jewellery
 e - a +5 ring of evasion
 o - a +6 ring of strength
Scrolls
 g - 6 scrolls of fog {unknown}
 h - a scroll of blinking {unknown}
 i - a scroll of teleportation {unknown}
 l - a scroll of fear {unknown}
 m - a scroll of immolation {unknown}
 n - a scroll of torment {unknown}
Potions
 b - a potion of magic
 c - a potion of heal wounds {unknown}
 d - a potion of flight {unknown}
 f - 6 potions of curing {unknown}
 j - a potion of cancellation {unknown}
 k - a potion of attraction {unknown}


   Skills:
 - Level 2.1 Dodging
 - Level 2.0 Stealth
 + Level 4.3 Spellcasting
 + Level 7.7 Conjurations


You had 7 spell levels left.
You knew the following spells:

 Your Spells              Type           Power      Damage    Failure   Level
a - Magic Dart            Conj           100%       1d8       1%          1
b - Searing Ray           Conj           74%        2d7       1%          2
c - Dazzling Flash        Conj/Hex       40%        N/A       7%          3

Your spell library contained the following spells:

 Spells                   Type           Power      Damage    Failure   Level
 Apportation              Tloc           8%         N/A       12%         1
 Fulminant Prism          Conj/Hex       10%        3d9       24%         4
 Iskenderun's Mystic Bla  Conj/Tloc      20%        2d6       24%         4
 Alistair's Intoxication  Tmut/Pois      2%         N/A       97%         5


Dungeon Overview and Level Annotations

Branches:
Dungeon (4/15)
 Temple: D:4-7

Altars:

Annotations:
D:4 Natasha


Innate Abilities, Weirdness & Mutations

You have a beak for a mouth.
You have claws for feet.
Your magical nature lets you fly swiftly and evasively.


Message History

Unknown command.
Your hands tingle!
p - a +0 short sword of speed (weapon)
An orc comes into view. It is wielding a +0 long sword.
The orc hits you with a +0 falchion!
You closely miss the orc. You claw the orc.
The orc is almost dead.
Casting: Magic Dart (safe; 1% risk of failure)
Confirm with . or Enter, or press ? or * to list all spells.
Aiming: Searing Ray (safe; 1% risk of failure)
Press: ? - help, Shift-Dir - straight line, f - orc priest, p - orc
Aim: an orc priest, wielding a +3 mace and wearing a +0 leather armour (81% to hit)
The searing ray misses the orc priest. (Press . to maintain the ray.)
The orc priest begins to cast a cantrip, but forgets the words!
The orc completely misses you.
The searing ray hits the orc priest.
The orc priest is heavily wounded.
The orc barely misses you.
The searing ray hits the orc priest!
You kill the orc priest!
The orc closely misses you. The orc hits you with a +0 falchion.
Unknown command.
You barely miss the orc. You peck the orc, but do no damage.
The orc is almost dead.
The orc hits you with a +0 long sword! The orc completely misses you.
You hit the orc.
You kill the orc!
The orc barely misses you. The orc closely misses you.
You hit the orc but do no damage. You claw the orc.
The orc is heavily wounded.
You hit the orc.
The orc is almost dead.
The orc hits you with a +0 long sword!
* * * LOW HITPOINT WARNING * * *
You completely miss the orc. You claw the orc, but do no damage.
The orc is almost dead.
The orc hits you with a +0 long sword.
You die...

....................#
................#..##
#............##...)## #
#...)......#.#.....## #
#......##.#.......###
#....#.##.....#....^
#.#..#.#.#.....#.....
#.##)o##.#......#.....
..##.[@.##........##.##
...#......#......####..#
.o..
#......#.......###...
...
##.)..##......###....
... ##..##.#.....####...
#..#.#.#.....#.....
....# ##.........#.
.....## #...#......
.......#.#....[....


You could see an orc.

Vanquished Creatures
  2 hounds (D:4)
  An orc priest (D:4)
  An orc wizard (D:4)
  Natasha (twice) (D:4)
  An adder (D:3)
  A worm (D:3)
  2 dart slugs
  9 orcs
  6 ball pythons
  5 bats
  6 endoplasms
  3 giant cockroaches (D:2)
  6 goblins
  7 hobgoblins
  6 kobolds
  2 quokkas (D:1)
  2 frilled lizards
  7 rats
69 creatures vanquished.

Notes
Turn   | Place    | Note
-------+----------+-------------------------------------------
     0 | D:1      | growler the Tengu Conjurer began the quest for the Orb.
     0 | D:1      | Reached XP level 1. HP: 10/10 MP: 4/4
   203 | D:1      | Reached XP level 2. HP: 14/15 MP: 4/6
   209 | D:1      | Learned a level 2 spell: Searing Ray
  1063 | D:2      | Reached XP level 3. HP: 19/19 MP: 5/7
  1105 | D:2      | Reached skill level 6 in Conjurations
  1844 | D:2      | Reached XP level 4. HP: 22/24 MP: 4/9
  1894 | D:2      | Learned a level 3 spell: Dazzling Flash
  2788 | D:4      | Noticed Natasha
  2794 | D:4      | Killed Natasha
  2797 | D:4      | Noticed Natasha
  2806 | D:4      | Killed Natasha
  2807 | D:4      | Reached skill level 7 in Conjurations
  2807 | D:4      | Gained mutation: Your magical nature lets you fly swiftly
                  | and evasively. [Tengu growth]
  2807 | D:4      | Reached XP level 5. HP: 24/28 MP: 0/11
  2853 | D:4      | Noticed Natasha
  3108 | D:4      | Reached XP level 6. HP: 32/32 MP: 8/13
  3130 | D:4      | Slain by an orc

Illustrated notes

Levels and vault maps discovered:
D:1:      lemuel_arrival_funnel, layout_basic
D:2:      layout_basic, serial_bayou_ford_a
D:3:      layout_basic
D:4:      layout_cave_pools, nicolae_dithmenos_the_darkroom,
          minmay_misc_feat_secret_circle, kennysheep_generic_room_11,
          uniq_natasha

Skill      XL: |  1  2  3  4  5 |
---------------+----------------+-----
Conjurations   | 6 7 |  7.7
Spellcasting   | 3 4 |  4.3
Dodging        | |  2.1
Stealth        | |  2.0

Action                     |  1- 3 |  4- 6 || total
---------------------------+-------+-------++-------
  Melee: Unarmed           |       |    11 ||    11
         Kick              |       |     7 ||     7
         Peck              |       |     3 ||     3
         Punch             |       |     1 ||     1
         Short sword       |       |     6 ||     6
   Cast: Magic Dart        |    79 |    58 ||   137
         Searing Ray       |     1 |     2 ||     3
 Armour: Robe              |       |     1 ||     1
  Dodge: Dodged            |     4 |    17 ||    21
